 Dungeon Crawl Stone Soup version 0.19.1-1-g22dce08 (webtiles) character file.

1222 Rrauwl the Cudgeler (level 8, 0/80 HPs)
             Began as a Troll Berserker on Jan 15, 2017.
             Was an Elder of Trog.
             Killed from afar by an orc wizard (8 damage)
             ... with a magic dart
             ... on level 6 of the Dungeon.
             The game lasted 00:27:42 (4556 turns).

Rrauwl the Cudgeler (Troll Berserker)               Turns: 4556, Time: 00:27:43

Health: 0/80       AC:  6    Str: 26    XL:     8   Next: 23%
Magic:  7/7        EV:  8    Int:  4    God:    Trog [****..]
Gold:   315        SH:  8    Dex: 10    Spells: 0 memorised, 7 levels left

rFire  . . .     SeeInvis .     a - +1 mace
rCold  . . .     Gourm    +     b - +1 animal skin
rNeg   + . .     Faith    .     y - +0 shield
rPois  .         Spirit   .     (helmet restricted)
rElec  .         Reflect  .     (no cloak)
rCorr  .         Harm     .     (gloves unavailable)
MR     .....                    (boots unavailable)
Stlth  ++........               v - amulet of regeneration
                                A - ring of stealth
                                h - ring of positive energy

@: exhausted, slowed, very slow
A: unfitting armour, claws 3, fast metabolism 3, gourmand, regeneration 1,
shaggy fur 1, tough skin 2
a: Berserk, Trog's Hand, Brothers in Arms, Burn Spellbooks, Renounce Religion


You were on level 6 of the Dungeon.
You worshipped Trog.
Trog was greatly pleased with you.
You were very full.

You visited 1 branch of the dungeon, and saw 6 of its levels.

You collected 315 gold pieces.

Inventory:

Hand Weapons
 a - a +1 mace (weapon)
Missiles
 i - 79 arrows
 n - 16 sling bullets
 C - 4 large rocks (quivered)
Armour
 b - a +1 animal skin (worn)
 y - a +0 shield (worn)
Jewellery
 h - a ring of positive energy (left claw)
 v - an amulet of regeneration (around neck)
 w - an uncursed ring of wizardry
 A - a ring of stealth (right claw)
Scrolls
 d - a scroll of fog
 e - 3 scrolls of teleportation
 f - 3 scrolls of amnesia
 g - 7 scrolls of identify
 k - 3 scrolls of remove curse
 o - 2 scrolls of fear
 z - a scroll of magic mapping
Potions
 l - 4 potions of curing
 p - 2 potions of cancellation
 x - a potion of lignification {unknown}
Books
 t - a book of Minor Magic

   Spells                             Type                      Level
   a - Magic Dart                     Conjuration                  1
   b - Blink                          Translocation                2
   c - Call Imp                       Summoning                    2
   d - Repel Missiles                 Charms/Air                   2
   e - Slow                           Hexes                        2
   f - Conjure Flame                  Conjuration/Fire             3
   g - Mephitic Cloud                 Conjuration/Poison/Air       3
   Trog disapproves of the use of such an item.
 u - a book of Misfortune

   Spells                             Type                      Level
   a - Confusing Touch                Hexes                        1
   b - Confuse                        Hexes                        3
   c - Gell's Gravitas                Hexes/Translocation          3
   d - Petrify                        Transmutation/Earth          4
   e - Metabolic Englaciation         Hexes/Ice                    5
   f - Yara's Violent Unravelling     Hexes/Transmutation          5
   Trog disapproves of the use of such an item.
Comestibles
 c - 5 bread rations
 j - a chunk of flesh
 m - 2 beef jerkies
 q - 3 slices of pizza
 r - 9 fruits
 B - a royal jelly


   Skills:
 + Level 5.2 Fighting
 + Level 5.8 Maces & Flails
 + Level 3.1 Throwing
 - Level 4.1 Dodging
 + Level 1.3 Shields


You had 7 spell levels left.
You didn't know any spells.

Dungeon Overview and Level Annotations

Branches:
Dungeon (6/15)             Temple (0/1) D:5

Altars:
Cheibriados
Gozag
Yredelemnul

Shops:
D:5 [


Innate Abilities, Weirdness & Mutations

You are too large for most types of armour.
You have claws for hands.
Your metabolism is lightning-fast.
You like to eat raw meat.
Your natural rate of healing is unusually fast.
You are covered in fur. (AC +1)
You have very tough skin. (AC +2)


Message History

The killer bee zombie hits you.
* * * LOW HITPOINT WARNING * * *
The orc wizard barely misses you. The killer bee zombie hits you.
* * * LOW HITPOINT WARNING * * *
The orc wizard hits you with a dagger.
* * * LOW HITPOINT WARNING * * *
You block the killer bee zombie's attack.
You closely miss the orc wizard.
The orc wizard is almost dead.
The killer bee zombie hits you.
* * * LOW HITPOINT WARNING * * *
The killer bee zombie closely misses you.
The orc wizard gestures wildly while chanting.
The orc wizard flickers and vanishes!
Deactivating autopickup; reactivate with Ctrl-A.
The killer bee zombie barely misses you.
You hear some strange, mumbled words.
A magic dart appears from out of thin air!
The magic dart hits you!
You die...

................
.#.####....#... ##.........o..#
.........#...#. #.#.#...#.#.##
#......#......#. # #.#†#.o.#
#.###.#[...#... #....#..#
#........#.##.. #.#.....###
#.##.......#### ..........###
#.##.#....(# #
.............####........#.# #
.....[.......#@Z..##.##..#.####
.............{)...#..........##
................###............
.............#..###...........#
...................##.######.#
.....................# ..#
#######...........### >#..
#...........# .###.
#..........<##...# .


You could see a killer bee zombie.

Vanquished Creatures
  An ice beast (D:5)
  An orc warrior (D:6)
  A black bear (D:6)
  A bullfrog (D:3)
  A gnoll sergeant (D:5)
  A scorpion (D:5)
  2 howler monkeys
  A jelly (D:5)
  A centaur skeleton (D:4)
  3 hounds
  A bullfrog zombie (D:5)
  2 bullfrog skeletons (D:4)
  2 orc wizards
  2 worker ants
  A worker ant zombie (D:5)
  13 adders
  9 gnolls (D:5)
  A shadow imp (D:5)
  An ooze (D:6)
  5 worms
  6 dart slugs
  4 leopard geckos
  7 orcs
  8 giant cockroaches
  6 goblins
  6 hobgoblins
  8 jackals
  9 kobolds
  2 quokkas
  A ball python (D:3)
  8 bats
  8 frilled lizards
  8 rats
  A spectral orc (D:4)
132 creatures vanquished.

Notes
Turn   | Place    | Note
-------+----------+-------------------------------------------
     0 | D:1      | Rrauwl the Troll Berserker began the quest for the Orb.
     0 | D:1      | Reached XP level 1. HP: 22/22 MP: 0/0
   164 | D:1      | Reached XP level 2. HP: 27/29 MP: 1/1
   680 | D:1      | Reached XP level 3. HP: 36/36 MP: 2/2
   683 | D:1      | Reached ** piety under Trog
   797 | D:2      | Found an opulent altar of Gozag.
  1314 | D:2      | Reached XP level 4. HP: 32/44 MP: 3/3
  1919 | D:3      | Noticed a bullfrog
  1930 | D:3      | Killed a bullfrog
  1930 | D:3      | Reached XP level 5. HP: 36/53 MP: 4/4
  1968 | D:3      | Reached *** piety under Trog
  2877 | D:4      | Reached XP level 6. HP: 61/61 MP: 5/5
  3130 | D:4      | Found a snail-covered altar of Cheibriados.
  3207 | D:4      | Found a basalt altar of Yredelemnul.
  3476 | D:5      | Entered Level 5 of the Dungeon
  3613 | D:5      | Noticed an ice beast
  3622 | D:5      | Killed an ice beast
  3622 | D:5      | Reached skill level 5 in Maces & Flails
  3622 | D:5      | Reached XP level 7. HP: 71/71 MP: 6/6
  3628 | D:5      | Reached skill level 1 in Throwing
  3867 | D:5      | Reached **** piety under Trog
  3943 | D:5      | Found Ohasiok's Antique Armour Shoppe.
  4058 | D:5      | Found a staircase to the Ecumenical Temple.
  4478 | D:6      | Reached skill level 5 in Fighting
  4478 | D:6      | Reached XP level 8. HP: 66/80 MP: 7/7
  4531 | D:6      | Reached skill level 1 in Shields
  4556 | D:6      | Killed from afar by an orc wizard

Skill      XL: |  1  2  3  4  5  6  7  8 |
---------------+-------------------------+-----
Maces & Flails | 3 5 |  5.8
Dodging        | 3 4 |  4.1
Fighting       | 3 4 5 |  5.2
Throwing       | 2 3 |  3.1
Shields        | 1 |  1.3

Action                   |  1- 3 |  4- 6 |  7- 9 || total
-------------------------+-------+-------+-------++-------
Melee: Mace              |   147 |   282 |   174 ||   603
Invok: Berserk           |       |     2 |     2 ||     4
  Use: Scroll            |       |    11 |     2 ||    13
       Potion            |       |     6 |     1 ||     7
 Stab: Sleeping          |       |       |     3 ||     3
  Eat: Chunk             |    18 |    23 |    10 ||    51
Armor: Animal skin       |    56 |    77 |    70 ||   203
Dodge: Dodged            |    73 |   181 |    78 ||   332
Block: Shield            |       |       |    67 ||    67
